 Dungeon Crawl Stone Soup version 0.28.0-43-g3370ac3207 (webtiles) character file.

Game seed: 11712808798647442299

58 eliilek the Shield-Bearer (level 3, -2/33 HPs)
             Began as a Minotaur Fighter on Mar 9, 2022.
             Slain by a gnoll
             ... wielding a +0 flail
              (5 damage)
             ... on level 1 of the Dungeon.
             The game lasted 00:02:18 (1236 turns).

eliilek the Shield-Bearer (Minotaur Fighter)        Turns: 1236, Time: 00:02:18

Health: -2/33      AC:  8    Str: 22    XL:     3   Next: 76%
Magic:  2/2        EV:  8    Int:  5    God:
Gold:   67         SH:  8    Dex:  9    Spells: 2/2 levels left

rFire   . . .      SeeInvis .   a - +0 flail
rCold   . . .      Faith    .   g - +0 kite shield
rNeg    . . .      Spirit   .   b - +0 scale mail
rPois   .          Reflect  .   (helmet restricted)
rElec   .          Harm     .   j - +0 cloak
rCorr   .          Rampage  .   (no gloves)
Will    .....                   (no boots)
Stlth   ..........              (no amulet)
HPRegen 0.11/turn               (no ring)
MPRegen 0.08/turn               (no ring)

@: no status effects
A: horns 2, retaliatory headbutt
a: no special abilities


You were on level 1 of the Dungeon.
You visited 1 branch of the dungeon, and saw 2 of its levels.

You collected 67 gold pieces.

Inventory:

Hand Weapons
 a - a +0 flail (weapon)
Missiles
 k - 6 poisoned darts (quivered)
Armour
 b - a +0 scale mail (worn)
 g - a +0 kite shield (worn)
 j - a +0 cloak (worn)
Scrolls
 c - a scroll of identify {unknown}
 f - 2 scrolls of teleportation {unknown}
 h - a scroll of blinking {unknown}
 i - a scroll of torment {unknown}
Potions
 d - a potion of might
 e - a potion of flight {unknown}
 l - a potion of lignification {unknown}


   Skills:
 + Level 4.0 Fighting
 * Level 3.6 Maces & Flails
 + Level 4.0 Armour
 * Level 4.4 Shields


You had 2 spell levels left.
You didn't know any spells.
Your spell library contained the following spells:

 Spells                   Type           Power      Damage    Failure   Level
 Animate Skeleton         Necr           0%         N/A       99%         1
 Pain                     Necr           0%         1d4       99%         1
 Vampiric Draining        Necr           0%         2d6       100%        3


Dungeon Overview and Level Annotations

Branches:
Dungeon (2/15)

Altars:

Shops:
D:2 *


Innate Abilities, Weirdness & Mutations

You have a pair of horns on your head.
You reflexively headbutt those who attack you in melee.


Message History

The gnoll shouts!
You hear a shout!
Found 10 gold pieces.
A gnoll comes into view. It is wielding a +0 flail.
Found a spear.
The gnoll hits you with a +0 flail! You block the gnoll's attack.
You barely miss the gnoll. Your headbutt misses the gnoll.
The gnoll hits you with a +0 flail. The gnoll barely misses you.
The gnoll hits you but does no damage. The endoplasm closely misses you.
You furiously retaliate!
You headbutt the endoplasm.
You kill the endoplasm!
Your Armour skill increases to level 4!
The gnoll hits you with a +0 whip.
There is an escape hatch in the ceiling here.
You hit the gnoll.
The gnoll is lightly wounded.
You block the gnoll's attack. The gnoll hits you with a +0 flail.
The gnoll hits you but does no damage. The gnoll closely misses you.
A mysterious force pulls you upwards. The hatch slams shut behind you.
The gnoll hits you but does no damage.
You sock the gnoll!
The gnoll is almost dead.
You block the gnoll's attack.
You hit the gnoll.
You kill the gnoll!
You barely miss the gnoll. Your headbutt misses the gnoll.
The gnoll is lightly wounded.
You block the gnoll's attack. The gnoll barely misses you.
You closely miss the gnoll.
The gnoll is lightly wounded.
The gnoll hits you with a +0 flail!
* * * LOW HITPOINT WARNING * * *
You closely miss the gnoll. You headbutt the gnoll.
The gnoll is heavily wounded.
The gnoll hits you with a +0 flail.
* * * LOW HITPOINT WARNING * * *
You hit the gnoll.
The gnoll is severely wounded.
The gnoll hits you with a +0 flail.
You die...

#...#
#######..#.#..............#
...##
#######..#.################
#### #..........#
#.#.......## #.#.......#
#.#.......## ##'#######..#
#....#####..# #....#...##@#
#....#...##g##
#....#...##..#
##...'...'..>#
#####...##### #####


You could see a gnoll.

Vanquished Creatures
  A gnoll (D:1)
  2 adders (D:2)
  A worm (D:2)
  A dart slug (D:2)
  A ball python (D:2)
  3 endoplasms
  2 giant cockroaches
  3 goblins
  5 hobgoblins
  3 bats
  2 frilled lizards
  A kobold (D:2)
25 creatures vanquished.

Notes
Turn   | Place    | Note
-------+----------+-------------------------------------------
     0 | D:1      | eliilek the Minotaur Fighter began the quest for the Orb.
     0 | D:1      | Reached XP level 1. HP: 19/19 MP: 0/0
   603 | D:1      | Reached XP level 2. HP: 27/27 MP: 1/1
   792 | D:2      | Found Keisseukobb's Assorted Antiques.
   800 | D:2      | Reached XP level 3. HP: 30/33 MP: 2/2
  1236 | D:1      | Slain by a gnoll

Illustrated notes

Levels and vault maps discovered:
D:1:      scummos_arrival_forest, layout_basic
D:2:      layout_basic, serial_shops, nicolae_shop_advertising_works
          [nicolae_subvault_shop_adworks], chequers_ecumenical_altar_twisty

Skill      XL: |  1  2  3 |
---------------+----------+-----
Shields        | 4 |  4.4
Maces & Flails | 3 |  3.6
Fighting       | 4 |  4.0
Armour         | 4 |  4.0

Action                   || total
-------------------------++-------
Melee: Flail             ||    63
       Headbutt          ||     7
Armor: Scale mail        ||    28
Dodge: Dodged            ||    28
Block: Kite shield       ||    25
       Buckler           ||     1
